 Dungeon Crawl Stone Soup version 0.31-a0-557-g6e16503903 (webtiles) character file.

Game seed: 9917157308634644111

262 RepHenryClay the Conjurer (level 5, 0/28 HPs)
             Began as a Deep Elf Hedge Wizard on Aug 16, 2023.
             Slain by a gnoll
             ... wielding a +1 whip of flaming
             ... led by a gnoll bouda
              (2 damage)
             ... on level 4 of the Dungeon.
             The game lasted 00:08:46 (3449 turns).

RepHenryClay the Conjurer (Deep Elf Hedge Wizard)   Turns: 3449, Time: 00:08:47

Health: 0/28       AC:  4    Str:  7    XL:     5   Next: 97%
Magic:  0/13       EV: 12    Int: 21    God:
Gold:   167        SH:  0    Dex: 14    Spells: 7/12 levels left

rFire   . . .        a - +1 dagger (holy)
rCold   + . .        (no shield)
rNeg    . . .        b - +0 robe
rPois   .            j - +0 helmet
rElec   .            (no cloak)
rCorr   +            (no gloves)
SInv    .            o - +0 pair of boots
Will    .....        (no amulet)
Stlth   ++           m - ring of resist corrosion
HPRegen 0.24/turn    c - ring of protection from cold
MPRegen 0.13/turn

%: no passive effects
@: about to teleport
A: no striking features
a: no special abilities


You were on level 4 of the Dungeon.
You visited 1 branch of the dungeon, and saw 4 of its levels.

You collected 167 gold pieces.

Inventory:

Hand Weapons
 a - a +1 dagger of holy wrath (weapon)
Armour
 b - a +0 robe (worn)
 j - a +0 helmet (worn)
 o - a +0 pair of boots (worn)
Jewellery
 c - a ring of protection from cold (right hand)
 l - an amulet of faith
 m - a ring of resist corrosion (left hand)
Scrolls
 e - a scroll of fog
 f - 2 scrolls of identify
 h - a scroll of enchant weapon {unknown}
 p - a scroll of poison {unknown}
Potions
 d - 2 potions of magic
 n - 2 potions of curing
 q - a potion of mutation {unknown}


   Skills:
 - Level 2.4 Dodging
 - Level 2.4 Stealth
 - Level 4.4 Spellcasting
 - Level 6.1 Conjurations
 - Level 1.1 Summonings
 - Level 1.1 Translocations
 + Level 1.9 Air Magic


You had 7 spell levels left.
You knew the following spells:

 Your Spells              Type           Power      Damage    Failure   Level
a - Magic Dart            Conj           100%       1d8       1%          1
b - Blink                 Tloc           18%        N/A       11%         2
c - Static Discharge      Conj/Air       42%        2-4/arc   3%          2

Your spell library contained the following spells:

 Spells                   Type           Power      Damage    Failure   Level
 Call Imp                 Summ           18%        N/A       11%         2
 Slow                     Hex            16%        N/A       12%         1
 Mephitic Cloud           Conj/Pois/Air  15%        N/A       12%         3
 Cigotuvi's Dreadful Rot  Necr/Pois/Air  14%        N/A       14%         2
 Airstrike                Air            6%         2d(1-17)  45%         4
 Summon Lightning Spire   Summ/Air       10%        N/A       52%         4


Dungeon Overview and Level Annotations

Branches:
Dungeon (4/15)
 Temple: D:4-7

Altars:
Ashenzari
Kikubaaqudgha
Ru


Message History

The gnoll hits you with a +1 whip of flaming!
* * * LOW HITPOINT WARNING * * *
The gnoll burns you.
* * * LOW HITPOINT WARNING * * *
Huge Dmg: -18%(-5hp) hp: 25%(7hp) It was a potion of heal wounds.
You feel much better.
The gnoll hits you from afar with a +0 spear.
The gnoll hits you with a +1 whip of flaming.
The gnoll burns you.
Okay, then.
Unknown command.
You aren't carrying any items that you can evoke.
Casting: Magic Dart (safe; 1% risk of failure)
Confirm with . or Enter, or press ? or * to list all spells.
Okay, then.
As you read the scroll labelled ZOUNGA WIREBY, it crumbles to dust.
It is a scroll of identify.
e - a scroll of fog Your attacks no longer feel as feeble.
The gnoll barely misses you.
The gnoll hits you with a +1 whip of flaming.
The gnoll burns you.
Damage: -7%(-2hp) hp: 54%(15hp)
As you read the scroll labelled PIOWNI IKKIUWN, it crumbles to dust.
You feel strangely unstable.
It was a scroll of teleportation.
The gnoll hits you from afar with a +0 spear!
* * * LOW HITPOINT WARNING * * *
The gnoll closely misses you.
Huge Dmg: -25%(-7hp) hp: 29%(8hp)
The gnoll attacks as you move away!
The gnoll hits you with a +1 whip of flaming.
* * * LOW HITPOINT WARNING * * *
The gnoll burns you.
* * * LOW HITPOINT WARNING * * *
Huge Dmg: -11%(-3hp) hp: 18%(5hp)
The gnoll attacks as you move away!
The gnoll hits you with a +1 whip of flaming.
* * * LOW HITPOINT WARNING * * *
The gnoll burns you.
You die... #.<####.# .... ..†# #..# #.## #..# #.# #..# #.# #.g# #)# gg#

#)######### #)#
#.........# #g#
#########.#######@#
#.........#
###########


You could see 4 gnolls.

Vanquished Creatures
  Jessica (D:3)
  2 orc wizards (D:4)
  6 adders
  4 gnolls (D:2)
  4 worms (D:2)
  3 dart slugs
  9 orcs
  6 endoplasms
  A giant cockroach (D:4)
  4 goblins
  3 hobgoblins (D:2)
  2 jackals (D:1)
  3 quokkas (D:2)
  5 ball pythons
  7 bats
  2 frilled lizards (D:3)
  3 kobolds
  6 rats
71 creatures vanquished.

Notes
Turn   | Place    | Note
-------+----------+-------------------------------------------
     0 | D:1      | RepHenryClay the Deep Elf Hedge Wizard began the quest for
                  | the Orb.
     0 | D:1      | Reached XP level 1. HP: 10/10 MP: 7/7
   120 | D:1      | Reached skill level 2 in Conjurations
   271 | D:1      | Reached XP level 2. HP: 13/15 MP: 3/9
   828 | D:1      | Learned a level 2 spell: Blink
   831 | D:1      | Learned a level 2 spell: Static Discharge
   987 | D:2      | Found an ancient bone altar of Kikubaaqudgha.
  1000 | D:2      | Reached skill level 3 in Conjurations
  1070 | D:2      | Reached XP level 3. HP: 7/19 MP: 2/10
  1574 | D:2      | Reached skill level 4 in Conjurations
  1724 | D:2      | Reached XP level 4. HP: 24/24 MP: 6/12
  2260 | D:2      | Reached skill level 5 in Conjurations
  2718 | D:3      | Noticed Jessica
  2723 | D:3      | Killed Jessica
  2724 | D:3      | Reached XP level 5. HP: 21/28 MP: 5/13
  2945 | D:3      | Found a sacrificial altar of Ru.
  3153 | D:3      | Found a faded altar of an unknown god.
  3155 | D:3      | Reached skill level 6 in Conjurations
  3300 | D:3      | Found a broken altar of Ashenzari.
  3442 | D:4      | Reached skill level 1 in Air Magic
  3449 | D:4      | Slain by a gnoll

Illustrated notes

Levels and vault maps discovered:
D:1:      heliophobic_arrival_battle_scene, layout_basic
D:2:      layout_loops_cross, basic_altar, minmay_misc_feat_five,
          nicolae_grassy_gnolls
D:3:      layout_rooms, nicolae_ru_awakened_eye, nicolae_ashenzari_skybound,
          ebering_ecumenical_altar_sacrificial, uniq_jessica
D:4:      layout_loops_ring, minmay_statues_item

Skill      XL: |  1  2  3  4  5 |
---------------+----------------+-----
Conjurations   | 2 3 4 5 6 |  6.1
Air Magic      | 1 |  1.9
Dodging        | |  2.4
Stealth        | |  2.4
Spellcasting   | |  4.4
Summonings     | |  1.1
Translocations | |  1.1

Action                     |  1- 3 |  4- 6 || total
---------------------------+-------+-------++-------
  Melee: Dagger            |     7 |    10 ||    17
         Punch             |     1 |       ||     1
   Cast: Magic Dart        |    94 |   100 ||   194
         Static Discharge  |       |     8 ||     8
    Use: Potion            |       |     3 ||     3
         Scroll            |       |     2 ||     2
 Armour: Robe              |     5 |     7 ||    12
  Dodge: Dodged            |    13 |    25 ||    38

Table legend: (Time is in decaauts)
 A = Elapsed time spent in this place.
 B = Non-inter-level travel time spent in this place.
 C = Inter-level travel time spent in this place.
 D = Time resting spent in this place.
 E = Time spent auto-exploring this place.
 F = Levels seen in this place.
 G = Mean time per level.
                   A        B        C        D        E       F      G
               +--------+--------+--------+--------+--------+-----+--------+
         Total |   3447 |   3321 |    126 |    117 |   2764 |   4 |  861.8 |
       Dungeon |   3447 |   3321 |    126 |    117 |   2764 |   4 |  861.8 |
               +--------+--------+--------+--------+--------+-----+--------+

Top non-repeatable levels by time:
     D:2: 1401 daAuts
     D:1: 1077 daAuts
     D:3: 873 daAuts
     D:4: 94 daAuts
